[Event "Charlotte Fall IM-C 2023"]
[Site "Charlotte"]
[Date "2023.11.19"]
[Round "5.3"]
[White "Nandhakumar, Vaseegaran"]
[Black "Guo, Ethan"]
[Result "0-1"]
[ECO "A07"]
[WhiteElo "2177"]
[BlackElo "2026"]
[Annotator "RC"]
[PlyCount "48"]
[EventDate "2023.11.17"]
[EventType "tourn"]
[EventCountry "USA"]
[SourceTitle "playchess.com"]
[Source "ChessBase"]
[SourceQuality "1"]
[TimeControl "5400+30"]

1. Nf3 d5 2. g3 Nd7 3. Bg2 e5 4. O-O Ngf6 5. d4 e4 6. Ne5 Nxe5 7. dxe5 Ng4 8. c4 dxc4 9. Qa4+ Bd7 10. Qxc4 Bc6 11. Bf4 g5 12. f3 Nxh2 13. e6 f5 14. Be5 Nxf1 15. Bxf1 Rg8 16. fxe4 fxe4 17. Nc3 Qe7 18. Nxe4 Rg6 19. Bg2 Rxe6 20. Rf1 Bxe4 21. Qxe4 Qc5+ 22. Rf2 Qxe5 23. Qxb7 Rd8 24. Bc6+ Ke7 0-1

[Event "Charlotte Fall IM-C 2023"]
[Site "Charlotte"]
[Date "2023.11.19"]
[Round "5.4"]
[White "Song, Ethan"]
[Black "Lima, Darcy"]
[Result "1-0"]
[ECO "C75"]
[WhiteElo "2176"]
[BlackElo "2405"]
[Annotator "RC"]
[PlyCount "97"]
[EventDate "2023.11.17"]
[EventType "tourn"]
[EventCountry "USA"]
[SourceTitle "playchess.com"]
[Source "ChessBase"]
[SourceQuality "1"]
[TimeControl "5400+30"]

1. e4 e5 2. Nf3 Nc6 3. Bb5 a6 4. Ba4 Nge7 5. c3 d6 6. d4 Bd7 7. Bb3 h6 8. dxe5 dxe5 9. O-O Ng6 10. Nbd2 Bc5 11. Nc4 O-O 12. Ne3 Nce7 13. Qc2 c6 14. Nf5 Qc8 15. Be3 Bxe3 16. Nxe7+ Nxe7 17. fxe3 Ng6 18. Qf2 Be6 19. Qg3 Bxb3 20. axb3 Qe6 21. h4 Qxb3 22. h5 Ne7 23. Nxe5 Rad8 24. Kh2 Qe6 25. Rf2 f6 26. Ng4 Kh8 27. Rf4 c5 28. Raf1 Nc6 29. Qf3 Ne5 30. Nxe5 Qxe5 31. Kg1 Rfe8 32. Rd1 Rd6 33. Kf2 Red8 34. Rxd6 Qxd6 35. Rf5 Qb6 36. Kg3 Re8 37. Kh3 Qe6 38. Kg3 Qxe4 39. Qxe4 Rxe4 40. Kf3 Rc4 41. Rf4 Rxf4+ 42. Kxf4 Kg8 43. Ke4 Kf7 44. Kd5 c4 45. Kxc4 Ke6 46. Kc5 f5 47. Kb6 Kd5 48. Kxb7 a5 49. Kb6 1-0

[Event "Charlotte Fall IM-C 2023"]
[Site "Charlotte"]
[Date "2023.11.19"]
[Round "5.5"]
[White "Bhagat Kush"]
[Black "Martin Del Campo Cardenas, Roberto Abel"]
[Result "1-0"]
[ECO "E73"]
[WhiteElo "2209"]
[BlackElo "2212"]
[Annotator "RC"]
[PlyCount "115"]
[EventDate "2023.11.17"]
[EventType "tourn"]
[EventCountry "USA"]
[SourceTitle "playchess.com"]
[Source "ChessBase"]
[SourceQuality "1"]
[TimeControl "5400+30"]

1. d4 Nf6 2. c4 d6 3. Nc3 g6 4. e4 Bg7 5. Be2 O-O 6. Be3 e5 7. d5 Na6 8. g4 Nc5 9. f3 a5 10. h4 c6 11. h5 cxd5 12. cxd5 Bd7 13. Qd2 a4 14. Nh3 Qa5 15. Nf2 Rfc8 16. h6 Bf8 17. O-O b5 18. Rfc1 Be7 19. Nd3 Nxd3 20. Bxd3 b4 21. Nd1 Bd8 22. Kg2 Kf8 23. Qe2 Be8 24. f4 Nd7 25. Bb5 exf4 26. Bxd7 Bxd7 27. Bxf4 Qa6 28. Qf3 Rxc1 29. Rxc1 Rc8 30. Rxc8 Bxc8 31. Nf2 Be7 32. Qe3 f6 33. Qd4 Kf7 34. Qxb4 g5 35. Bg3 Kg6 36. Qc3 Qb7 37. Qc6 Kxh6 38. Qxb7 Bxb7 39. Nd1 Bc8 40. Kf3 Kg6 41. Ne3 h5 42. gxh5+ Kxh5 43. Nf5 Bf8 44. Bxd6 Bxf5 45. Bxf8 Bc8 46. e5 f5 47. Ke3 Kg6 48. e6 Kf6 49. Bd6 f4+ 50. Ke4 Bb7 51. b3 axb3 52. axb3 Ba6 53. b4 Bb5 54. Kd4 Be8 55. Kc5 Kf5 56. b5 g4 57. b6 g3 58. Kb4 1-0

[Event "Charlotte Fall IM-C 2023"]
[Site "Charlotte"]
[Date "2023.11.20"]
[Round "6.1"]
[White "Vemparala, Nikash"]
[Black "Martin Del Campo Cardenas, Roberto Abel"]
[Result "0-1"]
[ECO "B56"]
[WhiteElo "2257"]
[BlackElo "2212"]
[Annotator "RC"]
[PlyCount "118"]
[EventDate "2023.11.17"]
[EventType "tourn"]
[EventCountry "USA"]
[SourceTitle "playchess.com"]
[Source "ChessBase"]
[SourceQuality "1"]
[TimeControl "5400+30"]

1. e4 c5 2. Nf3 d6 3. d4 cxd4 4. Nxd4 Nf6 5. Nc3 e5 6. Nb3 Be7 7. f3 O-O 8. Be3 a5 9. Bb5 Be6 10. Qd2 d5 11. exd5 Nxd5 12. Nxd5 Qxd5 13. Qxd5 Bxd5 14. O-O-O Bc6 15. Bxc6 Nxc6 16. a4 f5 17. Rd7 Rf7 18. Kb1 Bf6 19. Rd5 Bd8 20. c3 Bc7 21. Rb5 Rb8 22. Nc5 Bd6 23. Rd1 Bxc5 24. Rxc5 f4 25. Bf2 Re8 26. Rc4 Rfe7 27. Re4 Re6 28. Bb6 Rh6 29. h3 Rg6 30. Re2 Rge6 31. Rd7 R8e7 32. Rd5 e4 33. Rxe4 Rxe4 34. fxe4 Rxe4 35. Bxa5 Rxa4 36. Bc7 h6 37. Rb5 f3 38. gxf3 Rh4 39. Rxb7 Rxh3 40. Rb6 Ne7 41. Bd6 Nf5 42. c4 Kf7 43. f4 h5 44. c5 Rh1+ 45. Kc2 h4 46. c6 Nxd6 47. c7 Nc8 48. Rb8 Ne7 49. c8=Q Nxc8 50. Rxc8 Rf1 51. b4 Rxf4 52. b5 g5 53. b6 Rb4 54. Rb8 Kg7 55. Kc3 Rb1 56. Kc2 Rb5 57. Rb7+ Kg6 58. Rb8 h3 59. b7 Kg7 0-1

[Event "Charlotte Fall IM-C 2023"]
[Site "Charlotte"]
[Date "2023.11.20"]
[Round "6.2"]
[White "Lima, Darcy"]
[Black "Bhagat Kush"]
[Result "1-0"]
[ECO "E70"]
[WhiteElo "2405"]
[BlackElo "2209"]
[Annotator "RC"]
[PlyCount "135"]
[EventDate "2023.11.17"]
[EventType "tourn"]
[EventCountry "USA"]
[SourceTitle "playchess.com"]
[Source "ChessBase"]
[SourceQuality "1"]
[TimeControl "5400+30"]

1. d4 Nf6 2. c4 g6 3. Nc3 Bg7 4. e4 d6 5. Nge2 O-O 6. Ng3 c5 7. d5 e6 8. Be2 exd5 9. exd5 h5 10. Bg5 Qb6 11. Qd2 Nh7 12. Bh6 Nd7 13. Bxg7 Kxg7 14. O-O h4 15. Nh1 Ndf6 16. f4 Bf5 17. Nf2 Rae8 18. Bf3 Re7 19. g4 hxg3 20. hxg3 Rfe8 21. g4 Re3 22. Kg2 Bd7 23. b3 Qd8 24. Ncd1 R3e7 25. Rh1 Qc8 26. Qb2 Kg8 27. Rh4 Re1 28. Nc3 Rxa1 29. Qxa1 Re3 30. Qc1 Qe8 31. g5 Nh5 32. Nce4 Bh3+ 33. Nxh3 Rxe4 34. Bxe4 Qxe4+ 35. Kf2 Qd4+ 36. Qe3 Qb2+ 37. Qe2 Qc3 38. Qf3 Qd2+ 39. Kf1 Qxa2 40. Nf2 a6 41. Ne4 Qb1+ 42. Kg2 Qc2+ 43. Kh3 b5 44. Nxd6 bxc4 45. bxc4 a5 46. Qe3 Nf8 47. f5 Qd1 48. Kh2 Qc2+ 49. Kg1 Qd1+ 50. Kf2 Qc2+ 51. Kg1 Qd1+ 52. Kg2 a4 53. fxg6 fxg6 54. Qf3 Qd2+ 55. Kh3 Nh7 56. Rxh5 Nxg5+ 57. Rxg5 Qxg5 58. Ne4 Qh6+ 59. Kg2 Qc1 60. Qd3 Qb2+ 61. Kf3 a3 62. d6 a2 63. d7 a1=Q 64. d8=Q+ Kh7 65. Qh4+ Kg8 66. Qdd8+ Kg7 67. Qhh8+ Kf7 68. Qhg8# 1-0

[Event "Charlotte Fall IM-C 2023"]
[Site "Charlotte"]
[Date "2023.11.20"]
[Round "6.3"]
[White "Guo, Ethan"]
[Black "Song, Ethan"]
[Result "1/2-1/2"]
[ECO "C50"]
[WhiteElo "2026"]
[BlackElo "2176"]
[Annotator "RC"]
[PlyCount "71"]
[EventDate "2023.11.17"]
[EventType "tourn"]
[EventCountry "USA"]
[SourceTitle "playchess.com"]
[Source "ChessBase"]
[SourceQuality "1"]
[TimeControl "5400+30"]

1. e4 e5 2. Nf3 Nc6 3. Bc4 Bc5 4. d3 Nf6 5. Nc3 d6 6. Na4 Bb6 7. O-O h6 8. c3 O-O 9. Nxb6 axb6 10. a4 Be6 11. Bxe6 fxe6 12. b4 Rf7 13. h3 Qd7 14. Be3 Ne7 15. Nd2 d5 16. d4 exd4 17. Bxd4 Nxe4 18. Nxe4 dxe4 19. Qc2 Nf5 20. Rfd1 Nd6 21. Be5 Qc6 22. b5 Qc5 23. Bxd6 cxd6 24. Qxe4 e5 25. Qe3 Qxe3 26. fxe3 Rf6 27. Rd3 Kf7 28. c4 Ke7 29. Ra2 Rff8 30. Rd5 Ke6 31. e4 g5 32. Rad2 Rfd8 33. Ra2 Rac8 34. Rc2 Rc5 35. Rd3 Rcc8 36. Rd5 1/2-1/2

[Event "Charlotte Fall IM-C 2023"]
[Site "Charlotte"]
[Date "2023.11.20"]
[Round "6.4"]
[White "Wang, Isaac"]
[Black "Nandhakumar, Vaseegaran"]
[Result "1/2-1/2"]
[ECO "D23"]
[WhiteElo "2377"]
[BlackElo "2177"]
[Annotator "RC"]
[PlyCount "70"]
[EventDate "2023.11.17"]
[EventType "tourn"]
[EventCountry "USA"]
[SourceTitle "playchess.com"]
[Source "ChessBase"]
[SourceQuality "1"]
[TimeControl "5400+30"]

1. d4 Nf6 2. c4 e6 3. Nf3 d5 4. Nc3 dxc4 5. Qa4+ Nbd7 6. e4 c5 7. d5 exd5 8. e5 d4 9. exf6 dxc3 10. Bxc4 Qxf6 11. Bg5 Qc6 12. O-O-O Be7 13. Rhe1 O-O 14. Qxc6 Bxg5+ 15. Nxg5 cxb2+ 16. Kxb2 bxc6 17. Re7 Nb6 18. Bxf7+ Kh8 19. Ka3 Rb8 20. Rc1 h6 21. Ne4 Rb7 22. Rxb7 Bxb7 23. Be6 Bc8 24. Bxc8 Rxc8 25. Rxc5 Kg8 26. Nd6 Rd8 27. Ne4 Rd3+ 28. Rc3 Rd4 29. f3 Nc4+ 30. Kb3 Nd2+ 31. Nxd2 Rxd2 32. Rc2 Rd6 33. Kc4 Rd5 34. Kb4 Rb5+ 35. Kc4 Rd5 1/2-1/2

[Event "Charlotte Fall IM-C 2023"]
[Site "Charlotte"]
[Date "2023.11.20"]
[Round "6.5"]
[White "Fierro Baquero, Martha L."]
[Black "Graif, William"]
[Result "1/2-1/2"]
[ECO "A07"]
[WhiteElo "2306"]
[BlackElo "2289"]
[Annotator "RC"]
[PlyCount "117"]
[EventDate "2023.11.17"]
[EventType "tourn"]
[EventCountry "USA"]
[SourceTitle "playchess.com"]
[Source "ChessBase"]
[SourceQuality "1"]
[TimeControl "5400+30"]

1. Nf3 d5 2. g3 c6 3. Bg2 Bg4 4. h3 Bxf3 5. Bxf3 e5 6. d3 Nf6 7. O-O Nbd7 8. c4 dxc4 9. dxc4 e4 10. Bg2 Bc5 11. Nc3 e3 12. f4 Nb6 13. Qc2 h5 14. Ne4 Nxe4 15. Qxe4+ Qe7 16. b3 Qxe4 17. Bxe4 O-O-O 18. Kg2 Bd4 19. Rb1 Nd7 20. Bf5 Kc7 21. Bxd7 Rxd7 22. Rd1 f5 23. h4 c5 24. Kf3 Re8 25. Rd3 Rde7 26. b4 Re4 27. b5 b6 28. Rbb3 R8e7 29. Ra3 Kb7 30. Bxe3 Bb2 31. Ra4 g6 32. Rb3 Bf6 33. Rba3 Kb8 34. Bc1 Rd7 35. Rd3 Rxd3+ 36. exd3 Re1 37. Bd2 Rf1+ 38. Ke2 Rg1 39. Be1 Bb2 40. Ra6 Rg2+ 41. Kf3 Rg1 42. Ke2 Rg2+ 43. Kf1 Rc2 44. a4 Rc1 45. Ke2 Rc2+ 46. Kf3 Bc3 47. Bxc3 Rxc3 48. Ke3 Ra3 49. a5 Kb7 50. axb6 Rxa6 51. bxa6+ Kxb6 52. d4 cxd4+ 53. Kxd4 Kxa6 54. Kd5 Kb7 55. Kd6 a5 56. Kd7 Kb6 57. Kd6 Kb7 58. Kd7 Kb6 59. Kd6 1/2-1/2

[Event "Charlotte Fall IM-C 2023"]
[Site "Charlotte"]
[Date "2023.11.20"]
[Round "7.1"]
[White "Graif, William"]
[Black "Vemparala, Nikash"]
[Result "1-0"]
[ECO "C67"]
[WhiteElo "2289"]
[BlackElo "2257"]
[Annotator "RC"]
[PlyCount "115"]
[EventDate "2023.11.17"]
[EventType "tourn"]
[EventCountry "USA"]
[SourceTitle "playchess.com"]
[Source "ChessBase"]
[SourceQuality "1"]
[TimeControl "5400+30"]

1. e4 e5 2. Nf3 Nc6 3. Bb5 Nf6 4. O-O Nxe4 5. Re1 Nd6 6. Nxe5 Be7 7. Bf1 Nxe5 8. Rxe5 O-O 9. d4 Bf6 10. Bd3 Ne8 11. Nc3 d6 12. Re1 c6 13. d5 Nc7 14. dxc6 bxc6 15. Ne4 d5 16. Nxf6+ Qxf6 17. Qh5 h6 18. Qe5 Qxe5 19. Rxe5 Ba6 20. Be3 Bxd3 21. cxd3 d4 22. Bd2 Rfe8 23. Rxe8+ Rxe8 24. Kf1 Ne6 25. Rc1 c5 26. g4 Rb8 27. b3 Rb5 28. Kg2 a5 29. Rc4 Nd8 30. Kf3 Nb7 31. Ra4 Kf8 32. Ke4 Ke7 33. Kd5 Kd7 34. f4 g6 35. f5 gxf5 36. gxf5 h5 37. h3 f6 38. Rc4 Rb6 39. Bf4 Rc6 40. Rc1 Nd6 41. Rxc5 Rxc5+ 42. Kxc5 Nxf5 43. a4 h4 44. Bd2 Ke6 45. Bxa5 Ne3 46. Be1 Ng2 47. a5 Nxe1 48. a6 Nxd3+ 49. Kb5 Nf4 50. a7 Nd5 51. Kc6 Nb4+ 52. Kb7 d3 53. a8=Q d2 54. Qe8+ Kd5 55. Qd8+ Ke4 56. Qxd2 Nd3 57. Qe2+ Kd4 58. Qg4+ 1-0

[Event "Charlotte Fall IM-C 2023"]
[Site "Charlotte"]
[Date "2023.11.20"]
[Round "7.2"]
[White "Nandhakumar, Vaseegaran"]
[Black "Fierro Baquero, Martha L."]
[Result "1/2-1/2"]
[ECO "A49"]
[WhiteElo "2177"]
[BlackElo "2306"]
[Annotator "RC"]
[PlyCount "93"]
[EventDate "2023.11.17"]
[EventType "tourn"]
[EventCountry "USA"]
[SourceTitle "playchess.com"]
[Source "ChessBase"]
[SourceQuality "1"]
[TimeControl "5400+30"]

1. Nf3 g6 2. d4 Bg7 3. b3 c5 4. Bb2 cxd4 5. Nxd4 Nf6 6. g3 O-O 7. Bg2 Nc6 8. O-O Qa5 9. c4 a6 10. Nc3 Rb8 11. Nd5 Nxd5 12. Nxc6 bxc6 13. Bxg7 Kxg7 14. cxd5 cxd5 15. Qd4+ f6 16. Bxd5 Bb7 17. Rfd1 Bxd5 18. Qxd5 Qxd5 19. Rxd5 Rb7 20. Rc1 Kf7 21. Ra5 Ra8 22. Rc4 Rb5 23. Rca4 Rxa5 24. Rxa5 d6 25. Ra4 Ke6 26. Rb4 Rc8 27. Rb6 a5 28. a4 h5 29. Rb7 g5 30. h3 Rc2 31. e3 Rb2 32. Rb5 d5 33. Kg2 g4 34. h4 Ke5 35. Rxa5 Rxb3 36. Ra7 e6 37. Ra8 Ra3 38. a5 f5 39. a6 Ke4 40. Rh8 Rxa6 41. Rxh5 e5 42. Rh8 d4 43. exd4 exd4 44. h5 d3 45. h6 d2 46. Rd8 Rxh6 47. Rxd2 1/2-1/2

[Event "Charlotte Fall IM-C 2023"]
[Site "Charlotte"]
[Date "2023.11.20"]
[Round "7.3"]
[White "Song, Ethan"]
[Black "Wang, Isaac"]
[Result "1/2-1/2"]
[ECO "B82"]
[WhiteElo "2176"]
[BlackElo "2377"]
[Annotator "RC"]
[PlyCount "74"]
[EventDate "2023.11.17"]
[EventType "tourn"]
[EventCountry "USA"]
[SourceTitle "playchess.com"]
[Source "ChessBase"]
[SourceQuality "1"]
[TimeControl "5400+30"]

1. e4 c5 2. Nf3 e6 3. d4 cxd4 4. Nxd4 a6 5. Bd3 Qc7 6. O-O Nf6 7. Qe2 d6 8. Nc3 Be7 9. f4 Nbd7 10. Kh1 h5 11. Be3 Nc5 12. Nb3 Nxd3 13. cxd3 b5 14. Rac1 Qd8 15. f5 Bb7 16. Bg5 h4 17. fxe6 fxe6 18. Nd4 Qd7 19. Rf3 Ng4 20. Bxe7 Qxe7 21. h3 Ne5 22. Rff1 Rf8 23. Nf3 Nxf3 24. Rxf3 Kd7 25. Rxf8 Rxf8 26. Qe3 Ke8 27. Qb6 Rf7 28. Qa7 g6 29. Qd4 e5 30. Qe3 g5 31. Kh2 Qf6 32. Ne2 Kf8 33. Qb6 Qe7 34. Qe3 Qf6 35. Qb6 Qe7 36. Qe3 Qf6 37. Qb6 Qe7 1/2-1/2

[Event "Charlotte Fall IM-C 2023"]
[Site "Charlotte"]
[Date "2023.11.20"]
[Round "7.4"]
[White "Bhagat Kush"]
[Black "Guo, Ethan"]
[Result "0-1"]
[ECO "D10"]
[WhiteElo "2209"]
[BlackElo "2026"]
[Annotator "RC"]
[PlyCount "112"]
[EventDate "2023.11.17"]
[EventType "tourn"]
[EventCountry "USA"]
[SourceTitle "playchess.com"]
[Source "ChessBase"]
[SourceQuality "1"]
[TimeControl "5400+30"]

1. d4 d5 2. c4 c6 3. Nc3 Nf6 4. e3 g6 5. b3 Bg7 6. Bb2 O-O 7. Bd3 dxc4 8. bxc4 e5 9. Nge2 exd4 10. exd4 Nbd7 11. O-O b6 12. Ng3 Ba6 13. Qa4 Bb7 14. h3 Ne8 15. Rad1 c5 16. d5 Nd6 17. Qb3 Ba6 18. Nce4 Bxb2 19. Qxb2 Nxe4 20. Nxe4 f5 21. Ng3 Qc7 22. Rfe1 Rae8 23. Bxf5 gxf5 24. Nh5 Ne5 25. f4 Nxc4 26. Qc3 Rxe1+ 27. Rxe1 Qf7 28. g4 fxg4 29. hxg4 Bc8 30. Qxc4 Bxg4 31. Ng3 Qxf4 32. Qxf4 Rxf4 33. Re7 Rf7 34. Re5 h5 35. a4 Kf8 36. a5 h4 37. Nf1 Rf5 38. Re4 Bf3 39. Rxh4 Bxd5 40. Ne3 Rg5+ 41. Kf2 Bf7 42. Rh8+ Rg8 43. Rh4 b5 44. Nf5 Rg6 45. Ke3 Ra6 46. Rh8+ Bg8 47. Rh5 Rxa5 48. Nd6 b4 49. Nb7 Ra3+ 50. Kd2 c4 51. Rb5 c3+ 52. Ke3 b3 53. Nc5 b2 54. Rb8+ Kg7 55. Rb7+ Kh8 56. Nd3 Rb3 0-1

[Event "Charlotte Fall IM-C 2023"]
[Site "Charlotte"]
[Date "2023.11.20"]
[Round "7.5"]
[White "Martin Del Campo Cardenas, Roberto Abel"]
[Black "Lima, Darcy"]
[Result "1/2-1/2"]
[ECO "C42"]
[WhiteElo "2212"]
[BlackElo "2405"]
[Annotator "RC"]
[PlyCount "20"]
[EventDate "2023.11.17"]
[EventType "tourn"]
[EventCountry "USA"]
[SourceTitle "playchess.com"]
[Source "ChessBase"]
[SourceQuality "1"]
[TimeControl "5400+30"]

1. e4 e5 2. Nf3 Nf6 3. Nxe5 d6 4. Nf3 Nxe4 5. Qe2 Qe7 6. d3 Nf6 7. Bg5 Nbd7 8. Nc3 Qxe2+ 9. Bxe2 a6 10. Kd2 h6 1/2-1/2

[Event "Charlotte Fall IM-C 2023"]
[Site "Charlotte"]
[Date "2023.11.21"]
[Round "8.1"]
[White "Vemparala, Nikash"]
[Black "Lima, Darcy"]
[Result "0-1"]
[ECO "B06"]
[WhiteElo "2257"]
[BlackElo "2405"]
[Annotator "RC"]
[PlyCount "132"]
[EventDate "2023.11.17"]
[EventType "tourn"]
[EventCountry "USA"]
[SourceTitle "playchess.com"]
[Source "ChessBase"]
[SourceQuality "1"]
[TimeControl "5400+30"]

1. e4 g6 2. d4 d6 3. Nf3 Bg7 4. c3 a6 5. Bc4 e6 6. O-O Ne7 7. Bb3 Nd7 8. Re1 O-O 9. Nbd2 b5 10. Nf1 Bb7 11. Bf4 e5 12. Bg3 c5 13. dxe5 dxe5 14. Qd6 Nc8 15. Qd2 c4 16. Bc2 Ncb6 17. Rad1 Re8 18. Ne3 Nc5 19. Qxd8 Raxd8 20. Rxd8 Rxd8 21. Bxe5 Bxe5 22. Nxe5 Bxe4 23. Bxe4 Nxe4 24. f3 Nc5 25. Rd1 Re8 26. N3g4 Kg7 27. f4 f6 28. Nf3 Nd3 29. Rd2 Na4 30. b3 Nxc3 31. bxc4 bxc4 32. Rc2 Nxf4 33. g3 Nfd5 34. Rb2 Nb5 35. Rd2 Nb6 36. a4 c3 37. Rd1 c2 38. Rc1 Na3 39. Ne1 Rc8 40. Ne3 Nxa4 41. N1xc2 Nxc2 42. Nxc2 Nb2 43. Kf1 Nd3 44. Rd1 Rxc2 45. Rxd3 Rxh2 46. Ra3 Kh6 47. Rxa6 Kg5 48. Ra4 f5 49. Kg1 Rb2 50. Rc4 h5 51. Ra4 Re2 52. Kf1 Re4 53. Ra2 h4 54. gxh4+ Kxh4 55. Kg2 Kg4 56. Kf2 g5 57. Ra3 f4 58. Rb3 Ra4 59. Rb2 f3 60. Kg1 Kf4 61. Kf2 g4 62. Rb1 Ra2+ 63. Kg1 Kg3 64. Rc1 Rg2+ 65. Kf1 Rh2 66. Kg1 f2+ 0-1

[Event "Charlotte Fall IM-C 2023"]
[Site "Charlotte"]
[Date "2023.11.21"]
[Round "8.2"]
[White "Guo, Ethan"]
[Black "Martin Del Campo Cardenas, Roberto Abel"]
[Result "1-0"]
[ECO "B33"]
[WhiteElo "2026"]
[BlackElo "2212"]
[Annotator "RC"]
[PlyCount "69"]
[EventDate "2023.11.17"]
[EventType "tourn"]
[EventCountry "USA"]
[SourceTitle "playchess.com"]
[Source "ChessBase"]
[SourceQuality "1"]
[TimeControl "5400+30"]

1. e4 c5 2. Nf3 Nc6 3. d4 cxd4 4. Nxd4 Qb6 5. Nb3 Nf6 6. Nc3 e6 7. Qe2 d6 8. Be3 Qc7 9. O-O-O a6 10. g4 b5 11. g5 Nd7 12. f4 Nb6 13. Qf2 Rb8 14. f5 Ne5 15. Bd4 b4 16. Ne2 Nec4 17. Nf4 e5 18. Bxc4 Nxc4 19. Nd5 Qd8 20. Qe2 Na5 21. Be3 Nxb3+ 22. axb3 Be7 23. Rhg1 Qa5 24. Kb1 Bd8 25. Qh5 g6 26. Qh6 Rb5 27. fxg6 fxg6 28. Qg7 Rf8 29. Rgf1 Bf5 30. Bb6 Rxb6 31. Nxb6 Rf7 32. Qg8+ Rf8 33. Qxh7 Rf7 34. Qg8+ Rf8 35. Qc4 1-0

[Event "Charlotte Fall IM-C 2023"]
[Site "Charlotte"]
[Date "2023.11.21"]
[Round "8.3"]
[White "Wang, Isaac"]
[Black "Bhagat Kush"]
[Result "1-0"]
[ECO "E73"]
[WhiteElo "2377"]
[BlackElo "2209"]
[Annotator "RC"]
[PlyCount "55"]
[EventDate "2023.11.17"]
[EventType "tourn"]
[EventCountry "USA"]
[SourceTitle "playchess.com"]
[Source "ChessBase"]
[SourceQuality "1"]
[TimeControl "5400+30"]

1. d4 Nf6 2. c4 g6 3. Nc3 Bg7 4. e4 d6 5. Be2 O-O 6. Be3 c5 7. d5 e6 8. Nf3 exd5 9. cxd5 b5 10. e5 dxe5 11. Bxc5 Re8 12. Bxb5 e4 13. Bxe8 exf3 14. Bxf7+ Kxf7 15. O-O Qc7 16. Rc1 Na6 17. Ba3 fxg2 18. Re1 Qf4 19. d6 Be6 20. Rxe6 Ng4 21. Re7+ Kg8 22. Qd5+ Kh8 23. Qxa8+ Bf8 24. Qxf8+ Qxf8 25. Ne4 Nxh2 26. Kxh2 Qf4+ 27. Kxg2 Qxc1 28. d7 1-0

[Event "Charlotte Fall IM-C 2023"]
[Site "Charlotte"]
[Date "2023.11.21"]
[Round "8.4"]
[White "Fierro Baquero, Martha L."]
[Black "Song, Ethan"]
[Result "1-0"]
[ECO "A21"]
[WhiteElo "2306"]
[BlackElo "2176"]
[Annotator "RC"]
[PlyCount "81"]
[EventDate "2023.11.17"]
[EventType "tourn"]
[EventCountry "USA"]
[SourceTitle "playchess.com"]
[Source "ChessBase"]
[SourceQuality "1"]
[TimeControl "5400+30"]

1. g3 g6 2. Bg2 Bg7 3. c4 e5 4. Nc3 Ne7 5. h4 h6 6. Nf3 d6 7. d4 Nd7 8. O-O O-O 9. e3 c6 10. b3 Re8 11. Ba3 Nf5 12. dxe5 Qa5 13. Bb2 Nxe5 14. Qc2 Be6 15. Rfd1 Rad8 16. Rd2 d5 17. Nxe5 Bxe5 18. cxd5 cxd5 19. Ne2 Rc8 20. Qd1 Bxb2 21. Rxb2 Nd6 22. Nf4 Ne4 23. b4 Qb5 24. h5 g5 25. Nxe6 Rxe6 26. Bh3 Rc4 27. Bxe6 fxe6 28. Rc1 Nc3 29. Qe1 Ne2+ 30. Rxe2 Rxc1 31. Qxc1 Qxe2 32. Qc8+ Kf7 33. Qxb7+ Kg8 34. Qa8+ Kf7 35. Qxa7+ Kf6 36. Qd4+ e5 37. Qxd5 Qe1+ 38. Kg2 Qxb4 39. Qc6+ Kf5 40. Qg6+ Kg4 41. f3# 1-0

[Event "Charlotte Fall IM-C 2023"]
[Site "Charlotte"]
[Date "2023.11.21"]
[Round "8.5"]
[White "Graif, William"]
[Black "Nandhakumar, Vaseegaran"]
[Result "1-0"]
[ECO "B06"]
[WhiteElo "2289"]
[BlackElo "2177"]
[Annotator "RC"]
[PlyCount "45"]
[EventDate "2023.11.17"]
[EventType "tourn"]
[EventCountry "USA"]
[SourceTitle "playchess.com"]
[Source "ChessBase"]
[SourceQuality "1"]
[TimeControl "5400+30"]

1. e4 c5 2. Nc3 g6 3. d4 Bg7 4. dxc5 Bxc3+ 5. bxc3 Qa5 6. Qd4 Nf6 7. Qb4 Qc7 8. f3 Nc6 9. Qa3 O-O 10. Ne2 b6 11. Bf4 Qb7 12. Rb1 Qa6 13. Qxa6 Bxa6 14. cxb6 axb6 15. Rxb6 Bxe2 16. Bxe2 Rxa2 17. Kd2 Rc8 18. Rhb1 d5 19. Ba6 Ra8 20. Bb7 Na5 21. Bxa8 Nc4+ 22. Kc1 Nxb6 23. Bc6 1-0

[Event "Charlotte Fall IM-C 2023"]
[Site "Charlotte"]
[Date "2023.11.21"]
[Round "9.1"]
[White "Nandhakumar, Vaseegaran"]
[Black "Vemparala, Nikash"]
[Result "1-0"]
[ECO "A06"]
[WhiteElo "2177"]
[BlackElo "2257"]
[Annotator "RC"]
[PlyCount "71"]
[EventDate "2023.11.17"]
[EventType "tourn"]
[EventCountry "USA"]
[SourceTitle "playchess.com"]
[Source "ChessBase"]
[SourceQuality "1"]
[TimeControl "5400+30"]

1. Nf3 d5 2. b3 Nf6 3. Bb2 c5 4. e3 Nc6 5. Bb5 a6 6. Bxc6+ bxc6 7. O-O Bg4 8. h3 Bh5 9. g4 Bg6 10. Ne5 h5 11. g5 Ne4 12. Nxg6 fxg6 13. f4 e6 14. Qf3 Qd7 15. d3 Nd6 16. Nc3 Nf5 17. Na4 Qa7 18. c4 Nd6 19. Rac1 Rc8 20. e4 d4 21. Ba3 Nf7 22. f5 Ne5 23. Qg3 Qc7 24. Rcd1 Bd6 25. Qg2 exf5 26. Bxc5 Bxc5 27. Nxc5 Qe7 28. b4 O-O 29. exf5 Rxf5 30. Rxf5 gxf5 31. Nxa6 f4 32. Nc5 f3 33. Qg3 f2+ 34. Qxf2 Qxg5+ 35. Kh1 Rf8 36. Qxf8+ 1-0

[Event "Charlotte Fall IM-C 2023"]
[Site "Charlotte"]
[Date "2023.11.21"]
[Round "9.2"]
[White "Song, Ethan"]
[Black "Graif, William"]
[Result "1-0"]
[ECO "B38"]
[WhiteElo "2176"]
[BlackElo "2289"]
[Annotator "RC"]
[PlyCount "83"]
[EventDate "2023.11.17"]
[EventType "tourn"]
[EventCountry "USA"]
[SourceTitle "playchess.com"]
[Source "ChessBase"]
[SourceQuality "1"]
[TimeControl "5400+30"]

1. e4 c5 2. Nf3 g6 3. d4 cxd4 4. Nxd4 Nc6 5. c4 Nf6 6. Nc3 d6 7. Be2 Bg7 8. Be3 O-O 9. O-O Bd7 10. f3 Nxd4 11. Bxd4 a5 12. Rb1 Bc6 13. Kh1 Nd7 14. Be3 Bxc3 15. bxc3 f6 16. Qe1 a4 17. c5 Nxc5 18. Bc4+ Kh8 19. Bh6 Qa5 20. Bxf8 Rxf8 21. Qe3 Kg7 22. Rb4 Rc8 23. Rfb1 Bd7 24. f4 Bc6 25. Bb5 e5 26. fxe5 fxe5 27. Bxc6 Rxc6 28. Qg5 Qc7 29. Rf1 Nd3 30. Qf6+ Kh6 31. Qf8+ Qg7 32. Qf3 Nf4 33. g3 Ne6 34. Qe3+ g5 35. Rxa4 Qe7 36. Ra8 Kg7 37. Qf3 h6 38. Rb8 Rb6 39. a4 Ra6 40. Qd3 Qc7 41. Re8 Nd8 42. Qf3 1-0

[Event "Charlotte Fall IM-C 2023"]
[Site "Charlotte"]
[Date "2023.11.21"]
[Round "9.3"]
[White "Bhagat Kush"]
[Black "Fierro Baquero, Martha L."]
[Result "0-1"]
[ECO "A41"]
[WhiteElo "2209"]
[BlackElo "2306"]
[Annotator "RC"]
[PlyCount "142"]
[EventDate "2023.11.17"]
[EventType "tourn"]
[EventCountry "USA"]
[SourceTitle "playchess.com"]
[Source "ChessBase"]
[SourceQuality "1"]
[TimeControl "5400+30"]

1. d4 g6 2. Bf4 Bg7 3. e3 d6 4. Nf3 Bg4 5. Be2 Nd7 6. h3 Bxf3 7. Bxf3 c6 8. c3 Ngf6 9. Nd2 O-O 10. O-O Re8 11. Bh2 d5 12. Qb3 Qb6 13. c4 Qxb3 14. Nxb3 e5 15. Na5 exd4 16. exd4 Ne4 17. Rad1 Ng5 18. Rd2 Nxf3+ 19. gxf3 Nb6 20. c5 Nc4 21. Nxc4 dxc4 22. Rc1 Bh6 23. f4 Re4 24. Rxc4 Rd8 25. Rb4 Rd7 26. Kg2 Bxf4 27. Bxf4 Rxf4 28. Rd3 Re4 29. Rdb3 Ree7 30. Kf3 f5 31. Ra3 a6 32. Rab3 Kf7 33. Kg3 Ke6 34. h4 Kd5 35. f3 h6 36. Kf4 Ke6 37. Kg3 g5 38. hxg5 hxg5 39. Re3+ Kd5 40. Reb3 a5 41. Ra4 Re2 42. Rxa5 Rh7 43. Ra8 Kxd4 44. Rc3 Rxb2 45. Rc1 f4+ 46. Kg4 Rg2+ 47. Kf5 Ke3 48. Ra3+ Kf2 49. Rc2+ Kg3 50. Rxg2+ Kxg2 51. Kxg5 Kg3 52. Rb3 Rd7 53. Kf5 Rd5+ 54. Ke4 Rxc5 55. Rxb7 Rc4+ 56. Kd3 Ra4 57. Ke2 Rxa2+ 58. Kf1 Rf2+ 59. Ke1 Kxf3 60. Rb3+ Kg2 61. Rc3 f3 62. Rxc6 Re2+ 63. Kd1 Re5 64. Rg6+ Kf1 65. Kd2 f2 66. Rf6 Re2+ 67. Kd1 Re1+ 68. Kd2 Kg2 69. Rg6+ Kh3 70. Rh6+ Kg4 71. Rg6+ Kh5 0-1